 Dungeon Crawl Stone Soup version 0.20.1-1-g8b1a95d (webtiles) character file.

105 jmlagarto the Skirmisher (level 4, 0/40 HPs)
             Began as a Draconian Abyssal Knight on Sept 15, 2017.
             Was a Believer of Lugonu.
             Slain by Biabri's ghost (11 damage)
             ... on level 3 of the Dungeon.
             The game lasted 00:06:24 (2151 turns).

jmlagarto the Skirmisher (Draconian Abyssal Knight) Turns: 2151, Time: 00:06:25

Health: 0/40       AC:  7    Str: 15    XL:     4   Next: 53%
Magic:  5/5        EV: 12    Int: 18    God:    Lugonu [**....]
Gold:   140        SH:  0    Dex:  8    Spells: 3/3 levels left

rFire    . . .     SeeInvis .   a - +1 hand axe
rCold    . . .     Gourm    .   (no shield)
rNeg     . . .     Faith    .   (armour unavailable)
rPois    .         Spirit   .   (helmet restricted)
rElec    .         Reflect  .   d - +0 cloak
rCorr    .         Harm     .   l - +0 pair of gloves
MR       .....                  (no boots)
Stlth    +.........             (no amulet)
Regen    0.2/turn               (no ring)
MPRegen  0.1/turn               (no ring)

@: brilliant, flying (expiring), hasted, very quick
A: unfitting armour, beak, horns 1, clumsy 1, screaming 1, cold-blooded, AC +5
a: Depart the Abyss, Bend Space, Renounce Religion


You were on level 3 of the Dungeon.
You worshipped Lugonu.
Lugonu was pleased with you.
You were not hungry.

You visited 1 branch of the dungeon, and saw 3 of its levels.
You visited the Abyss 1 time.

You collected 140 gold pieces.

Inventory:

Hand Weapons
 a - a +1 hand axe (weapon)
Armour
 d - a +0 cloak (worn)
 l - a +0 pair of gloves (worn)
Scrolls
 f - 5 scrolls of identify {unknown}
 h - a scroll of immolation {unknown}
 i - a scroll of fog {unknown}
 k - a scroll of teleportation {unknown}
 m - 3 scrolls of enchant weapon {unknown}
 p - a scroll of recharging {unknown}
Potions
 c - 2 potions of flight
 n - a potion of haste
Books
 r - a book of Minor Magic

   Spells                             Type                      Level
   a - Magic Dart                     Conjuration                  1
   b - Blink                          Translocation                2
   c - Call Imp                       Summoning                    2
   d - Slow                           Hexes                        2
   e - Conjure Flame                  Conjuration/Fire             3
   f - Mephitic Cloud                 Conjuration/Poison/Air       3
Comestibles
 b - 2 bread rations
 j - 2 fruits
 q - a meat ration


   Skills:
 + Level 4.2 Fighting
 + Level 3.3 Axes
 + Level 2.8 Dodging
 - Level 0.2 Stealth
 + Level 2.3 Invocations


You had 3 spell levels left.
You didn't know any spells.

Dungeon Overview and Level Annotations

Branches:
Dungeon (3/15)

Altars:

Annotations:
D:3 Biabri's ghost, amateur MiCK


Innate Abilities, Weirdness & Mutations

Your plain brown scales are hard. (AC +5)
You cannot fit into any form of body armour.
You are cold-blooded and may be slowed by cold attacks.
You have a beak for a mouth.
You have a pair of small horns on your head.
You are clumsy. (Dex -2)
You occasionally shout uncontrollably at your foes.


Message History

You feel clumsy.
You feel the urge to shout. A pair of horns grows on your head!
Your mouth lengthens and hardens into a beak!
Okay, then.
Okay, then.
Biabri's ghost hits you but does no damage.
You hit Biabri's ghost.
You headbutt Biabri's ghost, but do no damage.
Biabri's ghost is lightly damaged.
You are starting to lose your buoyancy.
You hit Biabri's ghost but do no damage.
Biabri's ghost is lightly damaged.
Biabri's ghost hits you.
* * * LOW HITPOINT WARNING * * *
Biabri's ghost freezes you.
* * * LOW HITPOINT WARNING * * *
You completely miss Biabri's ghost.
Biabri's ghost is lightly damaged.
Biabri's ghost hits you!
You die...

##.##.......####...####
##.##..###### ........
....†..# .......
##.......... .....
####.#.##### #...# #
#.#.# #...# # #.#.#
#...# # #.#.. #†.# #
##.######### #@.#
###...##.....# #W.#
.......Wr....# #..#
###...##.....)....#
.............#.#.#.
####.##......#.....#
#.# .###....b...# #.# #
.####.#.# #.# #


You could see Biabri's ghost and a bat.

Vanquished Creatures
  3 adders
  An ooze (D:3)
  5 worms
  8 bats
  4 giant cockroaches
  4 goblins
  5 hobgoblins
  8 jackals
  10 kobolds
  A ball python (D:3)
  3 frilled lizards
  6 rats
58 creatures vanquished.

Notes
Turn   | Place    | Note
-------+----------+-------------------------------------------
     0 | Abyss:1  | jmlagarto the Draconian Abyssal Knight began the quest for the Orb.
     0 | Abyss:1  | Reached XP level 1. HP: 19/19 MP: 2/2
    46 | Abyss:1  | Noticed a sky beast
    47 | Abyss:1  | Noticed a fire dragon skeleton
    48 | D:1      | Escaped the Abyss
   149 | D:1      | Reached * piety under Lugonu
   196 | D:1      | Reached XP level 2. HP: 26/26 MP: 3/3
   724 | D:2      | Reached XP level 3. HP: 29/33 MP: 4/4
   883 | D:2      | Reached skill level 4 in Fighting
   906 | D:2      | Reached ** piety under Lugonu
  1282 | D:2      | Reached XP level 4. HP: 13/40 MP: 5/5
  2123 | D:3      | Noticed Biabri's ghost (amateur MiCK)
  2147 | D:3      | Gained mutation: You are clumsy. (Dex -2) [potion of mutation]
  2147 | D:3      | Gained mutation: You occasionally shout uncontrollably at your foes. [potion of mutation]
  2147 | D:3      | Gained mutation: You have a pair of small horns on your head. [potion of mutation]
  2147 | D:3      | Gained mutation: You have a beak for a mouth. [potion of mutation]
  2151 | D:3      | Slain by Biabri's ghost

Skill      XL: |  1  2  3 |
---------------+----------+-----
Fighting       | 4 |  4.2
Axes           | 3 |  3.3
Dodging        | |  2.8
Stealth        | |  0.2
Invocations    | |  2.3

Action                   |  1- 3 |  4- 6 || total
-------------------------+-------+-------++-------
Melee: Hand axe          |   142 |    72 ||   214
       Tailslap          |    18 |     7 ||    25
       Headbutt          |       |     1 ||     1
Invok: Depart the Abyss  |     1 |       ||     1
  Use: Potion            |       |     5 ||     5
 Stab: Sleeping          |       |     1 ||     1
  Eat: Fruit             |     5 |       ||     5
       Royal jelly       |     1 |       ||     1
Armor: Skin              |    49 |    25 ||    74
Dodge: Dodged            |   105 |    41 ||   146
